 Dungeon Crawl Stone Soup version 0.17-a0-1996-gd2c0ec8 (webtiles) character file.

460 SlimeFever the Gusty (level 6, -3/38 HPs)
             Began as a High Elf Air Elementalist on Oct 7, 2015.
             Slain by Nico3ck's ghost (6 damage)
             ... on level 4 of the Dungeon.
             The game lasted 00:41:23 (4009 turns).

SlimeFever the Gusty (High Elf Air Elementalist)    Turns: 4009, Time: 00:41:23

Health: -3/38      AC:  4    Str:  7    XL:     6   Next: 78%
Magic:  9/21       EV: 21    Int: 20    God:
Gold:   197        SH:  0    Dex: 22    Spells: 4 memorised, 1 level left

rFire  . . .     SeeInvis .     a - +1 short sword
rCold  . . .     Clarity  .     e - +0 robe
rNeg   . . .     SustAt   .     (no shield)
rPois  .         Gourm    .     l - +2 hat
rElec  .         Spirit   .     (no cloak)
rCorr  .         Warding  .     (no gloves)
rMut   .         Stasis   .     (no boots)
MR     .....                    (no amulet)
Stlth  ++++......               (no ring)
                                s - ring of magical power

@: agile, swift (expiring), very slightly contaminated, quick, not resistant to
hostile enchantments, stealthy
A: no striking features
a: no special abilities


You were on level 4 of the Dungeon.
You were not hungry.

You visited 1 branch of the dungeon, and saw 4 of its levels.
You also visited: Sewer.

You collected 197 gold pieces.

Inventory:

Hand Weapons
 a - a +1 short sword (weapon)
 b - a +0 hunting sling
Missiles
 h - 3 tomahawks (quivered)
 i - 19 sling bullets
 m - 31 arrows
Armour
 e - a +0 robe (worn)
 l - a +2 hat (worn)
Jewellery
 s - a ring of magical power (left hand)
Wands
 q - a wand of enslavement (10)
Scrolls
 c - a scroll of amnesia
Potions
 f - 2 potions of curing
 g - a potion of heal wounds {unknown}
 k - 2 potions of agility
 n - a potion of cancellation {unknown}
 o - a potion of poison {unknown}
 v - a potion of mutation {unknown}
 w - a potion of might {unknown}
Books
 p - a book of Air

   Spells                             Type                      Level
   a - Shock                          Conjuration/Air              1
   b - Swiftness                      Charms/Air                   2
   c - Repel Missiles                 Charms/Air                   2
   d - Static Discharge               Conjuration/Air              3
   e - Lightning Bolt                 Conjuration/Air              5
Comestibles
 d - a royal jelly
 j - 2 meat rations
 r - a beef jerky
 t - a slice of pizza


   Skills:
 + Level 1.0 Fighting
 + Level 1.2 Short Blades
 + Level 4.5 Dodging
 + Level 2.6 Stealth
 + Level 3.8 Spellcasting
 + Level 2.9 Conjurations
 + Level 6.1 Air Magic


You had one spell level left.
You knew the following spells:

 Your Spells              Type           Power        Failure   Level  Hunger
a - Shock                 Conj/Air       ###.         1%          1    None
b - Swiftness             Chrm/Air       ###.....     6%          2    ##.....
c - Static Discharge      Conj/Air       ###.....     8%          3    ###....
d - Lightning Bolt        Conj/Air       ###.......   58%         5    ######.


Dungeon Overview and Level Annotations

Branches:
Dungeon (4/15)
 Temple: D:4-7

Altars:
Gozag
Xom

Annotations:
D:4 Nico3ck's ghost, amateur MiWz


Message History

Nico3ck's ghost says, "I'll split you in two!"
Casting: Swiftness
Confirm with . or Enter, or press ? or * to list all spells.
Aiming: Shock
Press: ? - help, Shift-Dir - straight line, f/p - Nico3ck's ghost
Aim: Nico3ck's ghost (severely damaged)
The zap hits Nico3ck's ghost.
Nico3ck's ghost is almost destroyed.
Casting: Shock
Confirm with . or Enter, or press ? or * to list all spells.
Aiming: Shock
Press: ? - help, Shift-Dir - straight line, f/p - Nico3ck's ghost
Aim: Nico3ck's ghost (almost destroyed)
The zap hits Nico3ck's ghost.
Nico3ck's ghost is almost destroyed.
You hit Nico3ck's ghost.
Nico3ck's ghost is almost destroyed.
You start to feel a little slower.
Nico3ck's ghost hits you.
You die...

,,**,* #..W. ,,8*,***********
#.### ,,**,,,,,,,,,,,* #.#
,,****,*******,##############W#
,,** *,,,,,* *,#..............#
,,8* *,,,,,* *,#......#########*#
,,********,* *,#......#8###8###8#
,,**8***8*,* *,#.W.......$.......
,,,,,,,,,,,* *,#@##.#............
,,,,,,,,,,,* *,#....#............
,,,,,,,,,,,* *,#..###.#8###8###8#
⌠***8***8*** *,#......##########*
****** *** *,#...##.#......#
,,##########**,#...####......####
,,...[.....,,,,#.................
,,**##....##############.....####
,** #...................<........


You could see Nico3ck's ghost.

Vanquished Creatures
  An ice beast (D:3)
  A giant frog (Sewer)
  Terence (D:3)
  13 adders
  8 oozes (Sewer)
  An adder skeleton (D:4)
  2 worms
  8 giant geckos
  4 orcs (D:3)
  10 ball pythons
  6 bats
  20 giant cockroaches
  6 hobgoblins
  6 jackals (D:2)
  A quokka (D:2)
  12 giant newts
  9 goblins
  9 kobolds
  12 rats
130 creatures vanquished.

Notes
Turn   | Place    | Note
--------------------------------------------------------------
     0 | D:1      | SlimeFever the High Elf Air Elementalist began the quest for the Orb.
     0 | D:1      | Reached XP level 1. HP: 11/11 MP: 4/4
   142 | D:1      | Reached skill level 4 in Air Magic
   235 | D:1      | Reached XP level 2. HP: 15/17 MP: 4/6
   308 | D:1      | Learned a level 2 spell: Swiftness
   722 | D:2      | Reached XP level 3. HP: 11/21 MP: 6/8
   960 | D:2      | Learned a level 3 spell: Static Discharge
  1319 | D:2      | Found an opulent altar of Gozag.
  1356 | D:2      | Found a shimmering altar of Xom.
  1874 | D:3      | Reached XP level 4. HP: 27/27 MP: 9/9
  2386 | D:3      | Reached skill level 5 in Air Magic
  2456 | D:3      | Noticed Terence
  2562 | D:3      | Killed Terence
  2622 | D:3      | Noticed an ice beast
  2631 | D:3      | Killed an ice beast
  2631 | D:3      | Reached skill level 1 in Fighting
  2631 | D:3      | Reached XP level 5. HP: 2/33 MP: 10/10
  2910 | D:4      | Found a glowing drain.
  2922 | Sewer    | Entered a sewer
  3016 | Sewer    | Reached skill level 1 in Short Blades
  3075 | Sewer    | Reached XP level 6. HP: 32/38 MP: 11/11
  3307 | Sewer    | Learned a level 5 spell: Lightning Bolt
  3335 | Sewer    | Reached skill level 6 in Air Magic
  3500 | D:4      | Noticed Nico3ck's ghost (amateur MiWz)
  4009 | D:4      | Slain by Nico3ck's ghost

Vault maps used:
D:1:      lightli_arrival_maybe_door_vault
D:2:      old_standard_altar, xom_butterflies
D:3:      uniq_terence
D:4:      minmay_temple_entry_hall, first_bread, portal_sewer_entry_b,
          serial_corexii_hall, corexii_hall_statues_t, corexii_hall_statues_i,
          corexii_hall_statues_i
Sewer:    sewer_frog_island_02

Action                   |  1- 3 |  4- 6 || total
-------------------------+-------+-------++-------
Melee: Unarmed           |    25 |       ||    25
       Short sword       |    69 |   120 ||   189
 Cast: Shock             |    52 |   142 ||   194
       Static Discharge  |     2 |     7 ||     9
       Swiftness         |       |     3 ||     3
  Use: Scroll            |     6 |     8 ||    14
       Potion            |       |     1 ||     1
  Eat: Bread ration      |     1 |     1 ||     2
       Fruit             |       |     5 ||     5
